 Dungeon Crawl Stone Soup version 0.22-a0-455-ga0624bf62c (webtiles) character file.

164 Kriby the Spear-Bearer (level 5, -5/38 HPs)
             Began as a Merfolk Skald on June 5, 2018.
             Slain by a gnoll
             ... wielding a +0 halberd
              (12 damage)
             ... on level 3 of the Dungeon.
             The game lasted 00:02:17 (2052 turns).

Kriby the Spear-Bearer (Merfolk Skald)              Turns: 2052, Time: 00:02:17

Health: -5/38      AC:  5    Str: 13    XL:     5   Next: 45%
Magic:  8/8        EV: 12    Int: 12    God:
Gold:   65         SH:  0    Dex: 13    Spells: 7/8 levels left

rFire    . . .     SeeInvis .   a - +0 spear
rCold    + . .     Gourm    .   (no shield)
rNeg     . . .     Faith    .   i - +0 ring mail {rPois}
rPois    +         Spirit   .   (no helmet)
rElec    .         Reflect  .   (no cloak)
rCorr    .         Harm     +   (no gloves)
MR       .....                  (no boots)
Stlth    +.........             l - amulet of harm
HPRegen  0.12/turn              c - ring of protection from cold
MPRegen  0.11/turn              (no ring)

@: no status effects
A: change form in water, swift swim, stealthy swim, mutation resistance 1,
screaming 1, sturdy frame 1
a: no special abilities


You were on level 3 of the Dungeon.
You were hungry.

You visited 1 branch of the dungeon, and saw 3 of its levels.

You collected 65 gold pieces.

Inventory:

Hand Weapons
 a - a +0 spear (weapon)
Armour
 b - a +0 leather armour
 i - a +0 ring mail of poison resistance (worn)
 q - a cursed +0 ring mail
Jewellery
 c - a ring of protection from cold (left hand)
 l - an amulet of harm (around neck)
Scrolls
 e - 5 scrolls of remove curse {unknown}
 g - a scroll of enchant weapon {unknown}
 h - 2 scrolls of enchant armour {unknown}
 j - 2 scrolls of identify {unknown}
 k - 2 scrolls of random uselessness {unknown}
 s - a scroll of immolation {unknown}
 t - a scroll of magic mapping {unknown}
Potions
 m - a potion of haste {@q3}
Comestibles
 d - 4 rations {@e1}


   Skills:
 - Level 2.1 Fighting
 + Level 8.0 Polearms
 - Level 0.6 Armour
 - Level 2.6 Dodging
 - Level 2.0 Spellcasting
 - Level 3.2 Charms


You had 7 spell levels left.
You knew the following spells:

 Your Spells              Type           Power        Failure   Level  Hunger
a - Infusion              Chrm           #...         11%         1    ##.....

Your spell library contained the following spells:

 Spells                   Type           Power        Failure   Level  Hunger
 Regeneration             Chrm/Necr      #.........   52%         3    ####...
 Shroud of Golubria       Chrm/Tloc      #.........   30%         2    ###....
 Song of Slaying          Chrm           #.......     16%         2    ###....
 Spectral Weapon          Hex/Chrm       #.......     52%         3    ####...


Dungeon Overview and Level Annotations

Branches:
Dungeon (3/15)

Altars:
Yredelemnul


Innate Abilities, Weirdness & Mutations

You revert to your normal form in water.
You are very nimble and swift while swimming.
You are very stealthy in the water. (Stealth+)
You are somewhat resistant to further mutation.
You occasionally shout uncontrollably at your foes.
Your movements are slightly less encumbered by armour. (ER -2)


Message History

You struggle against the net.
The gnoll hits you from afar with a halberd.
You struggle against the net.
The gnoll hits you from afar with a halberd!
You struggle against the net.
The gnoll shouts!
You shred the net and break free! The gnoll misses you.
The gnoll hits you from afar with a halberd!
* * * LOW HITPOINT WARNING * * *
Things that are here:
a club; 25 stones The gnoll hits you from afar with a halberd.
* * * LOW HITPOINT WARNING * * *
There is a stone staircase leading up here.
Items here: )))) [[ ††††
Items here: )) [ ÷÷ †††
There is a stone staircase leading up here.
The gnoll barely misses you.
The gnoll hits you from afar with a halberd!
You die...

# ##### #. #...#
#.####...# ......
.........#### #.....
##..#.........# #.....##
... #.........#
#......##..# #.........#
#.........# #.g@......#
..?......#####g##.######
)........g)).g.#..#
.....(...<######.##
...........# #.#
.......)...# #.#
....)o†.....# #.#
#..#......#.# #.#
..(.........# #.#


You could see 3 gnolls.

Vanquished Creatures
  3 orc wizards
  An ooze (D:3)
  3 worms (D:2)
  A leopard gecko (D:3)
  5 orcs
  9 giant cockroaches
  9 goblins
  4 hobgoblins
  5 jackals
  7 kobolds
  6 bats
  4 frilled lizards
  9 rats
66 creatures vanquished.

Notes
Turn   | Place    | Note
-------+----------+-------------------------------------------
     0 | D:1      | Kriby the Merfolk Skald began the quest for the Orb.
     0 | D:1      | Reached XP level 1. HP: 16/16 MP: 3/3
   120 | D:1      | Reached skill level 4 in Polearms
   120 | D:1      | Reached XP level 2. HP: 20/22 MP: 5/5
   750 | D:1      | Reached skill level 5 in Polearms
   750 | D:1      | Reached XP level 3. HP: 27/27 MP: 6/6
  1332 | D:2      | Reached skill level 6 in Polearms
  1332 | D:2      | Reached XP level 4. HP: 27/33 MP: 7/7
  1345 | D:2      | Reached skill level 7 in Polearms
  1566 | D:2      | Found a basalt altar of Yredelemnul.
  1810 | D:3      | Gained mutation: You occasionally shout uncontrollably at your foes. [potion of mutation]
  1810 | D:3      | Gained mutation: Your movements are slightly less encumbered by armour. (ER -2) [potion of mutation]
  1810 | D:3      | Gained mutation: You are somewhat resistant to further mutation. [potion of mutation]
  1837 | D:3      | Reached XP level 5. HP: 36/38 MP: 8/8
  2024 | D:3      | Reached skill level 8 in Polearms
  2052 | D:3      | Slain by a gnoll

Vault maps used:
D:1:      saegor_arrival_simple_a, minmay_door_square, grunt_decor_clamped,
          st_stairs_7
D:2:      lemuel_round_altar
D:3:      grunt_temple_overflow_order_and_chaos_1,
          nicolae_overflow_quartered_altars, first_ration,
          minmay_misc_feat_ornament, uniq_jessica, uniq_ijyb

Skill      XL: |  1  2  3  4  5 |
---------------+----------------+-----
Polearms       | 4 5 6 7 8 |  8.0
Fighting       | |  2.1
Armour         | |  0.6
Dodging        | |  2.6
Spellcasting   | |  2.0
Charms         | |  3.2

Action                   |  1- 3 |  4- 6 || total
-------------------------+-------+-------++-------
Melee: Spear             |   142 |   152 ||   294
  Use: Potion            |       |     6 ||     6
  Eat: Chunk             |     1 |     2 ||     3
Armor: Leather armour    |     1 |       ||     1
       Ring mail         |    34 |    34 ||    68
Dodge: Dodged            |    66 |    35 ||   101

Table legend:
 A = Spawn XP
 B = Non-spawn XP
 C = Spawn XP percentage of total XP
 D = Spawn monster count
 E = Non-spawn monster count
 F = Spawn count percentage of total count
 G = Total turns spent on level
                    A         B        C        D         E        F      G
               +---------+---------+-------+---------+---------+-------+---------
         Total |       0 |     235 |   0.0 |       0 |      66 |   0.0 |  2052
               +---------+---------+-------+---------+---------+-------+---------
           D:1 |       0 |      35 |   0.0 |       0 |      24 |   0.0 |  1054
           D:2 |       0 |     115 |   0.0 |       0 |      19 |   0.0 |   662
           D:3 |       0 |      85 |   0.0 |       0 |      23 |   0.0 |   336
               +---------+---------+-------+---------+---------+-------+---------
